 Dungeon Crawl Stone Soup version 0.31-a0-167-g1c394c0614 (webtiles) character file.

Game seed: 9006414102801208985

53 qw the Chopper (level 3, -4/23 HPs)
             Began as a Gargoyle Fighter on June 14, 2023.
             Slain by Sigmund
             ... wielding a +0 scythe
              (6 damage)
             ... on level 3 of the Dungeon.
             The game lasted 00:00:49 (1576 turns).

qw the Chopper (Gargoyle Fighter)                   Turns: 1576, Time: 00:00:50

Health: -4/23      AC: 10    Str: 21    XL:     3   Next: 87%
Magic:  3/3        EV:  6    Int:  8    God:
Gold:   126        SH:  4    Dex:  9    Spells: 2/2 levels left

rFire   . . .        Y - +0 war axe (freeze)
rCold   . . .        c - +0 buckler
rNeg    + . .        b - +0 scale mail
rPois   inf          (no helmet)
rElec   +            (no cloak)
rCorr   .            (no gloves)
SInv    .            (no boots)
Will    .....        (no amulet) Stlth
                     (no ring)
HPRegen 0.23/turn    (no ring)
MPRegen 0.08/turn

%: no passive effects
@: about to teleport, constricted
A: sickness immunity, AC +3, negative energy resistance 1, electricity
resistance, torment resistance 1, petrification resistance
a: no special abilities


You were on level 3 of the Dungeon.
You visited 1 branch of the dungeon, and saw 3 of its levels.

You collected 126 gold pieces.


Innate Abilities, Weirdness & Mutations

You are immune to sickness and miasma.
Your stone body is resilient. (AC +3)
You are immune to poison.
You resist negative energy. (rN+)
You are resistant to electric shocks. (rElec)
You are resistant to unholy torment.
You are immune to petrification.


   Skills:
 - Level 3.2 Fighting
 + Level 3.7 Axes
 - Level 3.2 Armour
 - Level 3.2 Shields


You had 2 spell levels left.
You didn't know any spells.
Your spell library was empty.

Inventory:

Hand Weapons
 h - a +0 whip
 Y - a +0 war axe of freezing (weapon)
Armour
 b - a +0 scale mail (worn)
 c - a +0 buckler (worn)
 f - a +0 chain mail
Scrolls
 e - a scroll of revelation {unknown}
 g - a scroll of identify
Potions
 a - a potion of heal wounds {unknown}
 d - 3 potions of might
 i - 2 potions of invisibility {unknown}
 j - a potion of curing {unknown}

Dungeon Overview and Level Annotations

Branches:
Dungeon (3/15)

Altars:
Ashenzari

Shops:
D:1 [

Annotations:
D:3 Sigmund


Message History

Sigmund casts a spell at you. The puff of flame hits you.
The ball python barely misses you. The ball python constricts you.
You closely miss the ball python. You closely miss Sigmund.
You block the ball python's attack. The ball python constricts you.
Sigmund hits you but does no damage. The bat hits you but does no damage.
The ball python barely misses you. The ball python constricts you.
You barely miss the ball python. You miss the bat. You slash Sigmund!
You freeze Sigmund. The bat hits you but does no damage.
Sigmund gestures wildly while chanting.
Sigmund flickers and vanishes!
Deactivating autopickup; reactivate with Ctrl-A.
The ball python closely misses you. The ball python constricts you.
You closely miss the ball python. You closely miss the bat. You miss something.
You slash the worm! You freeze the worm. The bat barely misses you.
The ball python bites you but does no damage.
The ball python constricts you. Something hits you but does no damage.
You block the worm's attack. The ball python barely misses you.
The ball python constricts you.
You completely miss the ball python. You hit the bat. You freeze the bat.
You hit something. You freeze something. You slash the worm!
You freeze the worm.
You kill the worm!
The bat hits you but does no damage. Something hits you.
The ball python bites you but does no damage.
The ball python constricts you.
You closely miss the ball python. You hit something but do no damage.
The bat hits you but does no damage. The bat barely misses you.
The ball python barely misses you. The ball python constricts you.
Something hits you!
The ball python bites you but does no damage.
The ball python constricts you.
1576 ||| READING scroll of teleportation.
As you read the scroll of teleportation, it crumbles to dust.
You feel strangely unstable. The bat closely misses you.
The ball python barely misses you. The ball python constricts you.
Something hits you.
You die...

.....P...P#.....#.#.#.
.P.P.PPP#.....#.#.#.
P...P..........#...
P.P.P.P#.....###...
P.P...P........#.#. .
PPP.PPP#######.#.#. ..
# #......... .#.#. ..
###.#.#.#....### #...
.. ......?@........
#### ..
......S{%.b..... ..#
.# ###....##....####
### .# ....... #....#
....... ...## ###....
..# ..... ..# ###...
..


You could see a bat and a ball python.

Vanquished Creatures
  A worm (D:3)
  2 orcs (D:3)
  5 ball pythons
  6 endoplasms
  A giant cockroach (D:1)
  6 goblins
  2 hobgoblins
  4 jackals (D:2)
  A quokka (D:3)
  2 bats
  2 frilled lizards (D:2)
  8 kobolds
  4 rats (D:2)
44 creatures vanquished.

Notes
Turn   | Place    | Note
-------+----------+-------------------------------------------
     0 | D:1      | qw the Gargoyle Fighter began the quest for the Orb.
     0 | D:1      | Reached XP level 1. HP: 14/14 MP: 1/1
     0 | D:1      | 0 ||| qw: Version: 0.2-a-29-g1fa15c8
     0 | D:1      | 0 ||| qw: Game counter: 4879
     0 | D:1      | 0 ||| qw: Always use a shield: true
     0 | D:1      | 0 ||| qw: God list: Okawaru
     0 | D:1      | 0 ||| qw: Allow faded altars: false
     0 | D:1      | 0 ||| qw: Do Orc after D:15 true
     0 | D:1      | 0 ||| qw: Do second Lair branch before Depths: true
     0 | D:1      | 0 ||| qw: Lair rune preference: random
     0 | D:1      | 0 ||| qw: Plans: Normal, Zot:1-4, Slime:5, God:TSO, Crypt,
                  | Tomb, Abyss, Pan, Hells, Win
     0 | D:1      | 0 ||| PLANNING D:1-11
   134 | D:1      | Reached XP level 2. HP: 19/19 MP: 2/2
   162 | D:1      | Found Pefeshrio's Armour Boutique.
   171 | D:1      | 171 ||| SHOPLISTING +0 cloak (63 gold, have 35).
   171 | D:1      | 171 ||| SHOPLISTING +0 pair of gloves (63 gold, have 35).
   171 | D:1      | 171 ||| SHOPLISTING +3 chain mail "Geckec Ymoxi" {Str+4
                  | Dex+5} (635 gold, have 35).
   171 | D:1      | 171 ||| SHOPLISTING +4 plate armour of fire resistance (700
                  | gold, have 35).
   528 | D:1      | 528 ||| READING scroll labelled YTIXET COSUPLE.
   529 | D:1      | 529 ||| READING scroll labelled SAAGOD HOYMA.
   583 | D:2      | 583 ||| Stepping ~*~*~tactically~*~*~ (stealth).
   596 | D:2      | Reached skill level 3 in Axes
   617 | D:2      | Reached XP level 3. HP: 23/23 MP: 3/3
   762 | D:2      | 762 ||| Stepping ~*~*~tactically~*~*~ (stealth).
   869 | D:2      | 869 ||| Stepping ~*~*~tactically~*~*~ (stealth).
   877 | D:2      | 877 ||| Stepping ~*~*~tactically~*~*~ (stealth).
   879 | D:2      | 879 ||| Stepping ~*~*~tactically~*~*~ (stealth).
  1224 | D:2      | 1224 ||| READING scroll labelled SAHARU QUASHRIJ.
  1225 | D:2      | 1225 ||| READING scroll labelled XED YMUDUROTI.
  1230 | D:2      | 1230 ||| READING 2 scrolls labelled HAIC UCHACAU.
  1231 | D:2      | 1231 ||| DROPPING scroll of amnesia.
  1246 | D:3      | 1246 ||| STAIRDANCE
  1460 | D:3      | Found a broken altar of Ashenzari.
  1563 | D:3      | Noticed Sigmund
  1575 | D:3      | HP: 3/23 [something (8)]
  1576 | D:3      | 1576 ||| READING scroll of teleportation.
  1576 | D:3      | Slain by Sigmund

Levels and vault maps discovered:
D:1:      nicolae_arrival_somewhat_less_tricky_arrival, layout_rooms,
          serial_shops, shop
D:2:      layout_basic
D:3:      corexii_shack_village, layout_basic, nicolae_ashenzari_skybound,
          grunt_ministairs_6, minmay_hedge_maze, corner_web_ring, uniq_sigmund,
          uniq_ijyb

Skill      XL: |  1  2 |
---------------+-------+-----
Axes           | 2 3 |  3.7
Fighting       | |  3.2
Armour         | |  3.2
Shields        | |  3.2

Action                     || total
---------------------------++-------
  Melee: War axe           ||   130
  Throw: Boomerang         ||    18
    Use: Scroll            ||     6
 Armour: Scale mail        ||    63
  Dodge: Dodged            ||    61
  Block: Buckler           ||    18

Table legend:
 A = Non-vault XP
 B = Vault XP
 C = Vault XP percentage of total XP
 D = Non-vault monster count
 E = Vault monster count
 F = Vault count percentage of total count
                 A         B        C        D         E       F
            +---------+---------+-------+---------+---------+-------
      Total |      64 |      12 |  15.8 |      38 |       6 |  13.6
            +---------+---------+-------+---------+---------+-------
        D:1 |      19 |       0 |   0.0 |      12 |       0 |   0.0
        D:2 |      36 |       2 |   5.3 |      23 |       1 |   4.2
        D:3 |       9 |      10 |  52.6 |       3 |       5 |  62.5
            +---------+---------+-------+---------+---------+-------
